AoeStats
← I Hate Rush

Four Lakes

509496479Analyzed
1v1 RM · 5d ago on Sep 27, 2026· 36m 56s· 2 players
Game mode
Random Map
Map size
Tiny (2 player)
Population
200
Speed
Normal
Resources
Standard
Victory
Conquest
Starting age
Dark Age
Ending age
Imperial Age
RankedLock teamsTeams togetherTeam positionsShared explorationLock speedFull tech treeHidden civsTurbo modeCheats
Victory
Defeat
🇭🇰 Persians · Hong Kong SAR China
1383
+13
🇦🇷 Saracens · Argentina
1325
-24
I Hate Rush
6:30 Loom
9:31 Feudal Age
10:00 Double-Bit Axe
18:07 Castle Age
16:16 Horse Collar
16:28 Gold Mining
17:37 Scale Barding Armor
17:43 Bloodlines
18:32 Forging
19:11 Wheelbarrow
18:59 Bow Saw
23:31 Stone Mining
24:13 Husbandry
26:00 Chain Barding Armor
26:38 Forging
32:37 Imperial Age
33:06 Iron Casting
32:30 Heavy Camel Rider
33:46 Plate Barding Armor
34:48 Chemistry
38:35 Blast Furnace
Ipower
5:48 Loom
10:40 Feudal Age
12:06 Double-Bit Axe
18:26 Castle Age
17:11 Horse Collar
18:03 Bloodlines
19:29 Bow Saw
20:57 Scale Barding Armor
21:55 Forging
21:40 Gold Mining
25:23 Husbandry
26:32 Wheelbarrow
25:52 Town Watch
27:49 Iron Casting
28:12 Chain Barding Armor
30:11 Fishing Lines
31:21 Hand Cart
33:24 Heavy Plow
38:05 Imperial Age
37:48 Ballistics
Connection lost

Rejoining the realm…

Still unreachable

The connection could not be restored.

Session expired

The server has moved on; the page needs a fresh start.